 Dungeon Crawl Stone Soup version 0.28-a0-479-g5baa6b73be (webtiles) character file.

Game seed: 11998017335591140533

0 spiderkeys the Skirmisher (level 1, -11/16 HPs)
             Began as an Octopode Abyssal Knight on Sept 18, 2021.
             Was a Follower of Lugonu.
             Mangled by a wight (14 damage)
             ... on level 3 of the Abyss.
             The game lasted 00:01:00 (277 turns).

spiderkeys the Skirmisher (Octopode Abyssal Knight)  Turns: 277, Time: 00:01:01

Health: -11/16     AC:  1    Str: 11      XL:     1   Next: 0%
Magic:  2/2        EV: 13    Int: 10      God:    Lugonu [*.....]
Gold:   21         SH:  0    Dex: 10 (11) Spells: 0/0 levels left

rFire   . . .      SeeInvis .     - Unarmed
rCold   . . .      Faith    .   (no shield)
rNeg    . . .      Spirit   .   (helmet restricted)
rPois   .          Reflect  .   (no amulet)
rElec   .          Harm     .   (no ring)
rCorr   .          Rampage  .   (no ring)
Will    .....                   (no ring)
Stlth   ++........              (no ring)
HPRegen 0.05/turn               (no ring)
MPRegen 0.08/turn               (no ring)
                                (no ring)
                                (no ring)

@: unable to read
A: almost no armour, amphibious, 8 rings, camouflage 1, gelatinous body 1,
(nimble swimmer 1), tentacles, [deterioration 2], [dopey 2], [screaming 2],
[subdued magic 2], [inability to read while threatened]
a: Renounce Religion, Depart the Abyss


You were on level 3 of the Abyss.
You worshipped Lugonu.
Lugonu was aware of your devotion.
You visited 0 branches of the dungeon, and saw 0 of its levels.
You visited the Abyss 1 time.

You collected 21 gold pieces.


Innate Abilities, Weirdness & Mutations

You cannot wear most types of armour.
You are amphibious.
You can wear up to eight rings at the same time.
Your skin changes colour to match your surroundings (Stealth+).
Your rubbery body absorbs attacks. (AC +1, EV +1)
((You are camouflaged near water. (Stealth+)))
You have tentacles for arms and can constrict up to eight enemies at once.
[Your body often deteriorates upon taking damage.]
[You are very dopey. (Int -4)]
[You frequently scream uncontrollably at your foes.]
[Your spells are easier to cast, but less powerful.]
[You sometimes lose the ability to read scrolls when taking damage.]


   Skills:
 + Level 3.0 Fighting
 + Level 2.3 Dodging
 + Level 2.0 Unarmed Combat
 + Level 2.0 Invocations


You couldn't memorise any spells.
You didn't know any spells.
Your spell library contained the following spells:

 Spells                   Type           Power      Damage    Failure   Level
 Frozen Ramparts          Ice            0%         1d2       67%         3
 Ice Form                 Ice/Tmut       0%         N/A       97%         4
 Summon Ice Beast         Ice/Summ       0%         N/A       97%         4

Inventory:

Missiles
 b - 21 stones
Potions
 a - a potion of curing {@q1}

Dungeon Overview and Level Annotations

Branches:
Dungeon (0/15)

Altars:

.. ... ## ..#.#
## #.# #.#...
##. ...
...#.##.[#..
###..#.#.#.# .
.#.#..##...(#...
....#...#@#..#
#..##..z.#
#....5##....#
#.##.Gยง# .#....
#...## /.##..#
###..#.....# ..
#.#..*##..##...
. ##...4.####
### ###.###..#


You could see a wretched star, a glowing orange brain, an orange demon, a wight
and a quasit.


Message History

Found a gateway leading deeper into the Abyss.
There is a gateway leading deeper into the Abyss here.
You plunge deeper into the Abyss.
Found two gateways leading deeper into the Abyss.
You pick up a book of Rime and begin reading...
You add the spells Frozen Ramparts, Ice Form and Summon Ice Beast to your library.
a - a fuming grey potion
There is a gateway leading deeper into the Abyss here.
There is a gateway leading deeper into the Abyss here.
You plunge deeper into the Abyss.
The abyssal rune of Zot can be found at this depth.
b - 21 stones
c - a bubbling black potion
d - a scroll of identify {@r1}
As you read the scroll of identify {@r1}, it crumbles to dust.
a - a potion of curing It was a potion of lignification.
You turn into a tree.
Your roots penetrate the ground. ๐Ÿ˜Ž HP[+8]
You now have 24 max hp (+8).
Your hp is fully restored (24).
You cannot move.
You start waiting.
You are suddenly pulled into a different region of the Abyss!
You start waiting.
Your transformation is almost over.
A small abomination comes into view.
You feel less wooden. ๐Ÿ˜Ž HP[-8]
You now have 16 max hp (-8).
Found a corrupted altar of Lugonu.
A smoke demon comes into view.
A tentacled starspawn comes into view.
The orange demon screeches!
A wretched star comes into view.
A ynoxinul comes into view.
The wretched star pulses with an eldritch light!
Your connection to magic feels subdued.
Your connection to magic feels more subdued.
The ynoxinul bellows!
A glowing orange brain comes into view.
You see here 11 gold pieces.
A quasit comes into view.
The ynoxinul gestures.
The quasit gives a chilling moan.
The quasit barely misses you. The quasit claws you. x2 ๐Ÿ˜• HP[-2]
You take 2 damage, and now have 14/16 hp.
A large abomination comes into view.
The quasit barely misses you. The quasit claws you.
The quasit barely misses you. ๐Ÿ˜• HP[-1]
You take 1 damage, and now have 13/16 hp.
The glowing orange brain turns its attention towards you.
The quasit bites you.
The quasit claws you but does no damage.
The quasit barely misses you. ๐Ÿ˜ฎ HP[-1]
You take 1 damage, and now have 12/16 hp.
The wretched star pulses with an eldritch light!
You lose the ability to read scrolls when threatened.
You feel the urge to shout.
You feel a strong urge to scream. The quasit bites you. The quasit claws you.
You feel threatened and lose the ability to read scrolls!
The quasit claws you.
* * * LOW HITPOINT WARNING * * *
๐Ÿ˜จ HP[-4]
You take 4 damage, and now have 8/16 hp.
MASSIVE DAMAGE!! (PAUSE)
You can read scrolls again.
The quasit bites you.
You feel threatened and lose the ability to read scrolls!
* * * LOW HITPOINT WARNING * * *
The quasit barely misses you. The quasit claws you.
* * * LOW HITPOINT WARNING * * *
You feel clumsy. The ufetubus closely misses you. The ufetubus hits you.
* * * LOW HITPOINT WARNING * * *
๐Ÿ˜ฑ HP[-4]
You take 4 damage, and now have 4/16 hp.
MASSIVE DAMAGE!! (PAUSE)
You can read scrolls again.
A wight comes into view. It is wielding a +2 halberd.
The wretched star pulses with an eldritch light!
You feel yourself wasting away.
You feel your body start to fall apart. The wight closely misses you.
The wretched star pulses with an eldritch light!
You feel stupid. x2
The quasit bites you.
You feel threatened and lose the ability to read scrolls!
* * * LOW HITPOINT WARNING * * *
The quasit claws you but does no damage.
The quasit misses you. ๐Ÿ˜ฑ HP[-1]
You take 1 damage, and now have 3/16 hp.
You can read scrolls again.
The ufetubus disappears in a puff of smoke!
The wight hits you with a +2 halberd!
You feel threatened and lose the ability to read scrolls!
Ouch! That really hurt!
You die...

Action                   || total
-------------------------++-------
  Use: Scroll            ||     2
       Potion            ||     1
Armor: Skin              ||     2
Dodge: Dodged            ||     8

Levels and vault maps discovered:
Abyss:3:  base: Temple, hangedman_classic_abyss_death,
          guppyfry_abyss_exit_glass_guarded, doesnt_abyss_rune_brain_food,
          hangedman_abyss_theft

Notes
Turn   | Place    | Note
-------+----------+-------------------------------------------
     0 | Abyss:1  | spiderkeys the Octopode Abyssal Knight began the quest for
                  | the Orb.
     0 | Abyss:1  | Reached XP level 1. HP: 16/16 MP: 2/2
     0 | Abyss:1  | magus.rc [v1.9.10]
    40 | Abyss:1  | Noticed a tentacled starspawn
   101 | Abyss:2  | You pick up a book of Rime and begin reading...
   101 | Abyss:2  | You add the spells Frozen Ramparts, Ice Form and Summon Ice
                  | Beast to your library.
   175 | Abyss:3  | Noticed a small abomination
   182 | Abyss:3  | Found a corrupted altar of Lugonu.
   190 | Abyss:3  | Noticed a smoke demon
   227 | Abyss:3  | Noticed a tentacled starspawn
   233 | Abyss:3  | Noticed an orange demon
   239 | Abyss:3  | Noticed a wretched star
   243 | Abyss:3  | Noticed a ynoxinul
   250 | Abyss:3  | Noticed a glowing orange brain
   252 | Abyss:3  | Noticed a quasit
   259 | Abyss:3  | Noticed a large abomination
   270 | Abyss:3  | HP: 4/16 [ufetubus[a ynoxinul] (3)]
   275 | Abyss:3  | Noticed a wight
   276 | Abyss:3  | HP: 3/16 [quasit (1)]
   277 | Abyss:3  | Mangled by a wight

Vanquished Creatures (others)
  A plant (Abyss:3)
1 creature vanquished.

Table legend:
 A = Non-vault XP
 B = Vault XP
 C = Vault XP percentage of total XP
 D = Non-vault monster count
 E = Vault monster count
 F = Vault count percentage of total count
                 A         B        C        D         E       F
            +---------+---------+-------+---------+---------+-------
      Total |       0 |       0 |   N/A |       0 |       0 |  -nan
            +---------+---------+-------+---------+---------+-------
            +---------+---------+-------+---------+---------+-------

Illustrated notes

Table legend: (Time is in decaauts)
 A = Elapsed time spent in this place.
 B = Non-inter-level travel time spent in this place.
 C = Inter-level travel time spent in this place.
 D = Time resting spent in this place.
 E = Time spent auto-exploring this place.
 F = Levels seen in this place.
 G = Mean time per level.
                   A        B        C        D        E       F      G
               +--------+--------+--------+--------+--------+-----+--------+
         Total |    276 |    276 |      0 |     42 |     81 |   3 |   92.0 |
         Abyss |    276 |    276 |      0 |     42 |     81 |   3 |   92.0 |
               +--------+--------+--------+--------+--------+-----+--------+

Top non-repeatable levels by time:
 Abyss:3: 159 daAuts
 Abyss:1: 95 daAuts
 Abyss:2: 21 daAuts
